 Dungeon Crawl Stone Soup version 0.18-a0-1197-g8004e50 (webtiles) character file.

67 Ijustatesigmund the Skirmisher (level 4, 36/36 HPs)
             Began as a Demonspawn Fighter on Jan 30, 2016.
             Quit the game on level 3 of the Dungeon.
             The game lasted 00:05:37 (1668 turns).

Ijustatesigmund the Skirmisher (Demonspawn Fighter) Turns: 1668, Time: 00:05:37

Health: 36/36      AC: 10    Str: 17    XL:     4   Next: 0%
Magic:  4/4        EV: 11    Int:  9    God:
Gold:   147        SH:  9    Dex: 13    Spells: 0 memorised, 3 levels left

rFire  . . .     SeeInvis .     a - +0 flail
rCold  . . .     Gourm    .     b - +0 scale mail
rNeg   . . .     Faith    .     c - +1 shield
rPois  .         Spirit   .     r - +1 helmet
rElec  .         Dismiss  .     (no cloak)
rCorr  .         Reflect  .     (no gloves)
SustAt .         Harm     .     l - +1 pair of boots
MR     +....                    (no amulet)
Stlth  ..........               k - ring of protection from magic
                                e - +4 ring of evasion

@: somewhat resistant to hostile enchantments, extremely unstealthy
A: claws 1, demonic guardian 1, sturdy frame 1
a: no special abilities


You were on level 3 of the Dungeon.
You were not hungry.

You visited 1 branch of the dungeon, and saw 3 of its levels.

You collected 147 gold pieces.

Inventory:

Hand Weapons
 a - a +0 flail (weapon)
Armour
 b - a +0 scale mail (worn)
 c - a +1 shield (worn)
 l - a +1 pair of boots (worn)
 r - a +1 helmet (worn)
Jewellery
 e - a +4 ring of evasion (left claw)
 k - a ring of protection from magic (right claw)
Scrolls
 i - a scroll of remove curse
 m - a scroll of teleportation {unknown}
Potions
 d - a potion of might
 g - a potion of brilliance {unknown}
 j - a potion of lignification {unknown}
 o - a potion of invisibility {unknown}
 q - a potion of berserk rage {unknown}
Comestibles
 f - a bread ration
 h - a beef jerky
 n - 2 meat rations
 p - a royal jelly


   Skills:
 + Level 3.6 Fighting
 * Level 3.4 Maces & Flails
 - Level 2.6 Armour
 - Level 2.6 Shields


You had 3 spell levels left.
You didn't know any spells.

Dungeon Overview and Level Annotations

Branches:
Dungeon (3/15)

Altars:
Nemelex Xobeh


Innate Abilities, Weirdness & Mutations

You have sharp fingernails.
A weak demonic guardian rushes to your aid.
Your movements are slightly less encumbered by armour (ER -2).


Message History

s - a chunk of flesh You see here a quokka skeleton.
Eating a chunk of flesh.
This raw flesh tastes terrible.
You continue eating. x2
A goblin comes into view. It is wielding a club.
The goblin shouts!
You block the goblin's attack.
Found an escape hatch in the ceiling.
Your shield and scale mail prevent you from hitting the goblin.
You block the goblin's attack.
You miss the goblin. The goblin hits you but does no damage.
You hit the goblin.
The goblin is moderately wounded.
The goblin hits you but does no damage. x2
You hit the goblin.
You kill the goblin!
You have reached level 4!
You feel stronger.
Your demonic ancestry asserts itself...
Your fingernails lengthen.
Are you sure you want to abandon this character and quit the game? (Confirm with "yes".)

#.# ####.######
..#......######
#.#.#..........
####.#.#...>....#
#[.....รท.....# #
#.##.#.......#
#.##.##.#..###..#####<.#
#.......#.......@).....#
####.####.......###.....
##.# #.......# #.# #..#
#.......# #.## #.......#
#.# #.......# ##.#
#.......# #..# .......
#.##


There were no monsters in sight!

Vanquished Creatures
  An adder (D:2)
  2 oozes (D:2)
  A giant gecko (D:1)
  2 giant cockroaches
  8 goblins
  7 hobgoblins
  2 jackals (D:1)
  2 quokkas
  A ball python (D:2)
  7 bats
  3 giant newts (D:2)
  5 kobolds
  3 rats
  A bush (D:2)
45 creatures vanquished.

Notes
Turn   | Place    | Note
--------------------------------------------------------------
     0 | D:1      | Ijustatesigmund the Demonspawn Fighter began the quest for the Orb.
     0 | D:1      | Reached XP level 1. HP: 18/18 MP: 1/1
   412 | D:1      | Gained mutation: A weak demonic guardian rushes to your aid. [demonic ancestry]
   412 | D:1      | Reached XP level 2. HP: 18/24 MP: 2/2
   998 | D:2      | Found a sparkling altar of Nemelex Xobeh.
  1040 | D:2      | Gained mutation: Your movements are slightly less encumbered by armour (ER -2). [demonic ancestry]
  1040 | D:2      | Reached XP level 3. HP: 26/29 MP: 3/3
  1667 | D:3      | Gained mutation: You have sharp fingernails. [demonic ancestry]
  1667 | D:3      | Reached XP level 4. HP: 36/36 MP: 4/4
  1668 | D:3      | Quit the game

Vault maps used:
D:1:      eino_arrival_cavern_e, minmay_misc_feat_alley, minivault_27
D:2:      minmay_hedge_maze, nemelex_spade_bored_becter
D:3:      nicolae_qazlal_general_emergency, lemuel_coloured_pillars_altar,
          gammafunk_temple_overflow_claw, first_bread

Action                   |  1- 3 |  4- 6 || total
-------------------------+-------+-------++-------
Melee: Flail             |   218 |       ||   218
  Use: Scroll            |     9 |       ||     9
  Eat: Chunk             |     3 |       ||     3
